 Dungeon Crawl Stone Soup version 0.30-a0-920-g7493c07aab (webtiles) character file.

Game seed: 14888120050964983059

342870 Pimp the Impaler (level 22, -16/173 (180) HPs)
             Began as a Merfolk Gladiator on Mar 20, 2023.
             Was an Initiate of Gozag.
             Killed by the air
             ... invoked by a titan
              (32 damage)
             ... on level 5 of the Vaults on Mar 21, 2023.
             The game lasted 05:06:38 (60586 turns).

Pimp the Impaler (Merfolk Gladiator)               Turns: 60586, Time: 05:06:39

HP:   -16/173 (180) AC: 21    Str: 17    XL:     22   Next: 37%
MP:   30/42         EV: 29    Int: 16    God:    Gozag
Gold: 5941          SH: 18    Dex: 17    Spells: 14/53 levels left

rFire   + . .      SeeInvis +    s - +11 spear "Siwokh" {vamp, rPois Str-4 Int+3 SInv}
rCold   . . .      Faith    .    c - +2 kite shield {reflect}
rNeg    . . .      Spirit   .    b - +6 acid dragon scales
rPois   +          Reflect  +    U - +0 hat {SInv}
rElec   .          Rampage  .    A - +2 cloak {Stlth+}
rCorr   +          Archmagi +    g - +0 pair of gloves
Will    ++...                    d - +2 pair of slick slippers {slick, slippery, EV+5}
Stlth   +++                      R - amulet "Cofahuon" {Reflect +Blink Str+5 Dex-2 SH+5}
HPRegen 0.48/turn                y - ring of Cuan {rF+ EV+5 Stlth+}
MPRegen 0.28/turn                j - ring of the Mage {Wiz Archmagi}

@: lightly drained
A: (nimble swimmer 2), mertail, horns 1, strong-willed 1, MP-powered wands
}: 1/15 runes: gossamer
a: Renounce Religion, Evoke Blink, Potion Petition, Call Merchant, Bribe Branch


You were on level 5 of the Vaults.
You worshipped Gozag.
Gozag was greatly pleased with you.
You visited 9 branches of the dungeon, and saw 38 of its levels.
You visited 1 bazaar.
You also visited: Gauntlet.

You collected 17569 gold pieces.
You spent 6760 gold pieces at shops.
You paid 4868 gold pieces to Gozag.

Inventory:

Hand Weapons
 e - the +2 Maxwell's thermic engine {flame, freeze, rev}
   (You took it off a deep elf zephyrmancer on level 3 of the Elven Halls)
 f - the +13 scythe of Curses {drain, curses, Drain}
   (You acquired it on level 3 of the Dungeon)

   Drain:     It drains your maximum health when unequipped.
 i - the +6 war axe of Tounad {drain, rC+ rN+}
   (You found it on level 11 of the Dungeon)

   rC:        It protects you from cold.
   rN:        It protects you from negative energy.
 s - the +11 spear "Siwokh" (weapon) {vamp, rPois Str-4 Int+3 SInv}
   (You bought it in a shop in a bazaar)

   Str:       It affects your strength (-4).
   Int:       It affects your intelligence (+3).
   rPois:     It protects you from poison.
   SInv:      It lets you see invisible.
 F - a +5 glaive of venom
 Q - the +7 great mace "Undeadhunter" {deathbane, rN+}
   (You bought it in a shop on level 2 of the Orcish Mines)

   rN:        It protects you from negative energy.
Armour
 b - +6 acid dragon scales (worn)
 c - a +2 kite shield of reflection (worn)
 d - the +2 pair of slick slippers (worn) {slick, slippery, EV+5}
   (You bought it in a shop on level 1 of the Orcish Mines)

   Slick:     Its wearer cannot be constricted, engulfed, netted or webbed.
   Slippery:  It slips away from damaging melee attacks, pulling the attacker
   onward.
   EV:        It affects your evasion (+5).
 g - a +0 pair of gloves (worn)
 A - a +2 cloak of stealth (worn)
 U - a +0 hat of see invisible (worn)
 X - a +2 pair of boots of flying
Jewellery
 a - a +5 ring of evasion
 j - the ring of the Mage (right hand) {Wiz Archmagi}
   (You bought it in a shop on level 3 of the Dungeon)

   [ring of wizardry]

   It improves your spell success rate.
   Archmagi:  It increases the power of your magical spells.
 l - a ring of poison resistance
 o - a +6 ring of strength
 u - a +6 ring of dexterity
 y - the ring of Cuan (left hand) {rF+ EV+5 Stlth+}
   (You bought it in a shop on level 2 of the Orcish Mines)

   [ring of evasion]

   EV:        It affects your evasion (+5).
   rF:        It protects you from fire.
   Stlth:     It makes you more stealthy.
 z - a ring of magical power
 E - a ring of protection from fire
 M - the amulet "Pouneig" {Will+ Regen+ Int+4 Dex+4}
   (You bought it in a shop on level 2 of the Orcish Mines)

   [amulet of regeneration]

   Int:       It affects your intelligence (+4).
   Dex:       It affects your dexterity (+4).
   Regen:     It increases your rate of health regeneration.
   Will:      It increases your willpower.
 R - the amulet "Cofahuon" (around neck) {Reflect +Blink Str+5 Dex-2 SH+5}
   (You bought it in a shop on level 1 of the Elven Halls)

   [amulet of reflection]

   It reflects blocked missile attacks.
   Str:       It affects your strength (+5).
   Dex:       It affects your dexterity (-2).
   +Blink:    It lets you blink.
   SH:        It affects your SH (+5).
Wands
 m - a wand of digging (22)
 p - a wand of quicksilver (4)
 G - a wand of roots (25) (quivered)
 L - a wand of charming (29)
 Z - a wand of flame (23)
Scrolls
 k - 3 scrolls of poison
 n - 3 scrolls of magic mapping
 q - a scroll of summoning
 t - a scroll of fog
 v - 4 scrolls of teleportation
 B - 4 scrolls of immolation
 J - 15 scrolls of identify
 K - 3 scrolls of amnesia
 N - 2 scrolls of torment
 P - 4 scrolls of enchant weapon
 S - 7 scrolls of fear
Potions
 h - 3 potions of curing
 r - 4 potions of ambrosia
 w - 2 potions of mutation
 C - 5 potions of attraction
 D - 6 potions of flight
 I - a potion of might
 O - 5 potions of lignification
 T - 2 potions of haste
 V - a potion of resistance
 Y - 4 potions of brilliance
Miscellaneous
 W - a condenser vane


   Skills:
 + Level 16.7 Fighting
 - Level 5.0 Maces & Flails
 - Level 16.9 Polearms
 - Level 10.5 Throwing
 - Level 8.6 Armour
 - Level 15.3 Dodging
 - Level 8.8 Shields
 * Level 16.0 Spellcasting
 - Level 10.3 Conjurations
 - Level 13.9 Transmutations
 + Level 16.7 Ice Magic
 - Level 11.5 Poison Magic


You had 14 spell levels left.
You knew the following spells:

 Your Spells              Type           Power      Damage    Failure   Level
a - Olgreb's Toxic Radia  Pois           65%        N/A       1%          4
b - Poisonous Vapours     Pois/Air       92%        N/A       1%          2
c - Ignite Poison         Fire/Tmut/Pois 56%        N/A       1%          3
d - Mephitic Cloud        Conj/Pois/Air  53%        N/A       1%          3
e - Frozen Ramparts       Ice            100%       1d16      1%          3
f - Magic Dart            Conj           100%       1d8       1%          1
g - Freezing Cloud        Conj/Ice/Air   29%        6-21      4%          5
h - Eringya's Noxious Bo  Tmut/Pois      34%        N/A       5%          6
i - Wereblood             Tmut           72%        N/A       1%          2
j - Ozocubu's Armour      Ice            79%        N/A       1%          3
k - Ozocubu's Refrigerat  Ice            39%        4d16      5%          7

Your spell library contained the following spells:

 Spells                   Type           Power      Damage    Failure   Level
 Freeze                   Ice            100%       1d10      0%          1
 Kiss of Death            Conj/Necr      100%       2d13      1%          1
 Sting                    Tmut/Pois      100%       1d8       1%          1
 Cigotuvi's Dreadful Rot  Necr/Pois/Air  74%        N/A       1%          2
 Passwall                 Tmut/Erth      42%        N/A       1%          2
 Searing Ray              Conj           100%       2d8       1%          2
 Hailstorm                Conj/Ice       71%        3d15      1%          3
 Stone Arrow              Conj/Erth      88%        3d12      2%          3
 Petrify                  Tmut/Erth      51%        N/A       3%          4
 Sandblast                Erth           38%        2d10      6%          1
 Metabolic Englaciation   Hex/Ice        28%        N/A       6%          5
 Fulminant Prism          Conj/Hex       22%        3d12      8%          4
 Iskenderun's Mystic Bla  Conj/Tloc      44%        2d10      8%          4
 Sticky Flame             Conj/Fire      44%        2d6       8%          4
 Call Imp                 Summ           19%        N/A       9%          2
 Sublimation of Blood     Necr           19%        N/A       9%          2
 Confusing Touch          Hex            19%        N/A       17%         3
 Gell's Gravitas          Tloc           19%        N/A       17%         3
 Kindle Blastsparks       Fire/Tloc/Air  38%        2d13      17%         3
 Summon Guardian Golem    Hex/Summ       19%        N/A       17%         3
 Teleport Other           Tloc           19%        N/A       17%         3
 Statue Form              Tmut/Erth      34%        N/A       45%         6
 Dispel Undead            Necr           19%        3d11      50%         4
 Orb of Destruction       Conj           31%        9d10      56%         7
 Starburst                Conj/Fire      22%        6d7       69%         6
 Lee's Rapid Deconstruct  Erth           9%         3d7*      82%         5
 Summon Forest            Summ/Tloc      9%         N/A       82%         5
 Summon Mana Viper        Hex/Summ       19%        N/A       82%         5
 Spellforged Servitor     Conj/Summ      22%        N/A       99%         7
 Polar Vortex             Ice            39%        N/A       99%         9
 Dispersal                Tloc           9%         N/A       100%        6
 Summon Cactus Giant      Summ           9%         N/A       100%        6
 Monstrous Menagerie      Summ           9%         N/A       100%        7
 Summon Hydra             Summ           9%         N/A       100%        7
 Ignition                 Fire           9%         3d5       100%        8
 Lehudib's Crystal Spear  Conj/Erth      22%        10d6      100%        8
 Simulacrum               Ice/Necr       Unusable   N/A       N/A         6

Dungeon Overview and Level Annotations

Branches:
Dungeon (15/15)            Temple (1/1) D:6            Lair (5/5) D:10
  Swamp (1/4) Lair:2       Spider (4/4) Lair:2        Slime (0/5) Lair:5
    Orc (2/2) D:9             Elf (3/3) Orc:2        Vaults (5/5) D:13
  Crypt (0/3) Vaults:3     Depths (2/4) D:15        Gauntlet (visited)

Altars:
Ashenzari
Cheibriados
Dithmenos
Elyvilon
Fedhas
Gozag
Hepliaklqana
Kikubaaqudgha
Makhleb
Nemelex Xobeh
Okawaru
Qazlal
Ru
Sif Muna
Trog
Uskayaw
Vehumet
Wu Jian
Xom
Yredelemnul
Zin
The Shining One
Lugonu

Shops:
D:1 :   D:3 =   D:6 (   D:7 *   D:9 *   Orc:1 *[   Orc:2 *?(=   Elf:1 ==:*
Elf:2 !   Vaults:1 [   Vaults:2 [   Vaults:4 ?   Depths:1 :

Portals:
Hell: Depths:1
Abyss: Lair:5
Ziggurat: Depths:1
Trove: D:11 (give +3 storm dragon scales)

Annotations:
D:10 1 runed translucent door
Lair:2 exclusion: oklob plant
Elf:3 Roxanne
Vaults:4 Mennas


Innate Abilities, Weirdness & Mutations

((You are very nimble when in or above water. (Stealth+, EV+, Speed+++)))
Your lower body shifts to a powerful aquatic tail in water.
You have a pair of small horns on your head.
You are strong-willed. (Will+)
You expend magic power (3 MP) to strengthen your wands.


Message History

A phantasmal warrior comes into view.
The yaktaur captain wields a +0 arbalest.
The yaktaur captain shoots a bolt.
The bolt barely misses you.
Blink to where?
Press: ? - help, Dir - move target
As you read the scroll of blinking, it crumbles to dust.
The ironbound preserver looks more healthy.
The ironbound preserver is distracted by your dazzling golden aura.
The yaktaur captain shoots a bolt.
You reflect the bolt off your +2 kite shield of reflection!
The bolt hits the yaktaur captain!!
The ironbound preserver shouts!
Casting: Ignite Poison (safe; 1% risk of failure)
Confirm with . or Enter, or press ? or * to list all spells.
Okay, then.
As you read the scroll of fog, it crumbles to dust.
The scroll dissolves into smoke.
The yaktaur captain looks more healthy.
The deep troll earth mage is distracted by your dazzling golden aura.
The dread lich is distracted by your dazzling golden aura.
The yaktaur captain shoots a bolt.
The bolt completely misses you.
The dread lich shouts!
The deep troll earth mage shouts!
The ironbound preserver is no longer distracted by gold.
The ironbound preserver casts a spell.
The ironbound preserver is healed somewhat.
The yaktaur captain shoots a bolt.
The bolt completely misses you.
You see here a +2 battleaxe of freezing.
Blink to where?
Press: ? - help, Dir - move target A titan comes into view.
As you read the scroll of blinking, it crumbles to dust.
As you read the scroll of fog, it crumbles to dust.
The scroll dissolves into smoke.
Blink to where?
Press: ? - help, Dir - move target An orc warrior comes into view.
It is wielding a +0 morningstar.
As you read the scroll of blinking, it crumbles to dust.
The titan waves its arms in wide circles.
The air twists around and strikes you!!
You die...
Your body crumbles into a pile of gold.

#......... #. #....# ##
###....... #..#....# ###.#
##### ###..#....##.#○. ...XW
c....#....#○☼.# ....Q
...)......C○#
##################o....($D#####
§...§§§§§§§§........$....p☼....
§....§§§§§§§........$<<$°○○....
§....§§§§§§C....@..)<)$<$......
....§§§§§..........$)<<$$......
##################...))$...####
....^..$$$..$..#
......#..$.#.....#
#.....#....##..... #.....#....#
....# $ ##....#....# ..#. ###.
#..$.# #.#


You could see a titan and an orc warrior (wandering).

Vanquished Creatures
  Sojobo (Depths:1)
  Jory (Vaults:2)
  4 deep elf master archers (Elf:3)
  2 deep elf blademasters
  2 sphinxes
  Gastronok (D:8)
  Donald (Elf:3)
  3 tengu reavers
  2 storm dragons
  A revenant (Vaults:3)
  A fire giant (Depths:1)
  11 vault wardens
  2 frost giants
  2 ghost moths
  2 emperor scorpions
  5 deep elf sorcerers (Elf:3)
  An iron dragon (Vaults:5)
  Louise (Elf:3)
  5 deep elf elementalists (Elf:3)
  15 ironbound preservers
  An orc warlord (Vaults:3)
  15 very ugly things
  11 ironbound thunderhulks
  2 war gargoyles (Vaults:3)
  6 deep elf demonologists
  The ghost of Pimp the Fighter, a journeyman GrFi of Okawaru (Lair:4)
  13 deep elf annihilators
  A bunyip (shapeshifter) (Vaults:3)
  Azrael (Elf:1)
  16 dire elephants
  5 deep elf death magi
  5 spark wasps
  2 fire dragons (Depths:1)
  4 ettins (Depths:1)
  13 yaktaur captains
  5 entropy weavers
  5 great orbs of eyes
  A rakshasa (Depths:1)
  A peacekeeper (Vaults:3)
  2 ogre magi (Orc:2)
  10 hydras
  32 vault guards
  2 jorogumos
  3 radroaches
  8 ironbound frosthearts
  17 centaur warriors
  16 boulder beetles
  A catoblepas (D:14)
  38 dancing weapons
  12 two-headed ogres
  A death scarab (Spider:1)
  5 deep troll earth magi
  3 thrashing horrors (Lair:5)
  2 tengu warriors (D:14)
  2 large abominations (Lair:5)
  14 deep elf knights
  A skyshark (Lair:4)
  16 skeletal warriors
  6 pharaoh ants
  A goliath frog (Swamp:1)
  Lodul (D:14)
  An iron troll (Depths:1)
  3 sun moths (Spider:4)
  A flayed ghost (Depths:1)
  A deep troll (shapeshifter) (Elf:3)
  12 deep elf archers
  9 orb spiders
  46 deep trolls
  13 ironbound convokers
  12 orc knights
  6 wizards
  Pikel (D:5)
  2 necromancers
  2 phantasmal warriors
  32 ugly things
  6 lindwurms
  30 deep elf pyromancers
  A shadow dragon zombie (D:15)
  A wolf spider (shapeshifter) (Vaults:2)
  32 deep elf zephyrmancers
  10 steelbarb worms
  4 manticores
  An orc sorcerer (Orc:1)
  A tengu skeleton (D:15)
  6 moths of wrath
  4 cyclopes
  16 wolf spiders
  6 elephants
  6 demonic crawlers
  2 manticores (shapeshifter)
  2 black mambas
  14 vault sentinels
  8 torpor snails
  2 smoke demons (Lair:5)
  2 gargoyles (D:12)
  5 cane toads
  An unseen horror (D:12)
  A komodo dragon (shapeshifter) (Elf:1)
  A rime drake (shapeshifter) (Depths:1)
  4 rime drakes (D:14)
  2 efreet (D:15)
  13 komodo dragons
  2 tengu conjurers
  37 yaktaurs
  3 ancient zymes (Lair:5)
  9 trolls
  3 hornets
  4 polar bears
  4 meliai
  5 tyrant leeches
  14 dream sheep (Lair:5)
  16 tarantellas
  A spriggan zombie (D:15)
  17 blink frogs
  An ettin zombie (D:15)
  6 culicivoras
  3 air elementals (Elf:1)
  6 water elementals
  3 shadows (D:10)
  27 slime creatures
  A spriggan (Lair:5)
  A vampire (D:11)
  11 wraiths
  A ynoxinul (Lair:5)
  6 humans
  14 yaks
  8 basilisks
  15 jumping spiders
  6 fire elementals
  12 wyverns
  A hog (shapeshifter) (D:13)
  4 chaos spawn (Lair:5)
  41 redbacks
  3 vampire mosquitoes (D:11)
  3 steam dragons
  Menkaure (D:7)
  5 wargs
  4 acid dragons
  12 water moccasins
  A floating eye (shapeshifter) (Lair:5)
  5 hell hounds
  3 black bears
  4 ice beasts
  12 orc warriors
  A swamp drake (Swamp:1)
  A sky beast (D:7)
  7 wolves
  28 ogres
  A boggart (Vaults:3)
  12 centaurs
  2 phantoms (D:4)
  2 kobold brigands
  Blork the orc (D:5)
  11 small abominations (Lair:5)
  10 bullfrogs
  4 earth elementals
  3 scorpions
  5 wights (D:9)
  An electric eel (Lair:1)
  3 howler monkeys (D:9)
  4 hounds
  9 jellies
  18 orc priests
  2 sleepcaps (D:5)
  2 gnoll boudas
  Crazy Yiuf (D:7)
  4 iguanas
  14 orc wizards
  4 hell rats (D:14)
  14 gnolls
  5 adders
  2 shadow imps
  3 white imps (D:4)
  2 ufetubi (D:4)
  A worm (D:3)
  7 dart slugs
  33 orcs
  14 bats
  5 endoplasms
  6 giant cockroaches
  7 goblins
  4 hobgoblins
  4 jackals
  16 kobolds
  4 quokkas
  7 ball pythons
  3 frilled lizards
  4 rats
1312 creatures vanquished.

Vanquished Creatures (collateral kills)
  A golden dragon (Vaults:5)
  A titan (Vaults:5)
  A tengu reaver (Vaults:5)
  2 shadow dragons (Vaults:5)
  A fire giant (Vaults:5)
  A stone giant (Vaults:5)
  A deep troll (Vaults:5)
8 creatures vanquished.

Vanquished Creatures (others)
  A tentacled monstrosity (Vaults:5)
  2 titans (Vaults:5)
  A sphinx (Vaults:5)
  A tengu reaver (Vaults:5)
  2 fire giants
  A frost giant (Vaults:5)
  2 vault wardens (Vaults:5)
  A deep elf sorcerer (Vaults:5)
  An ironbound preserver (Vaults:5)
  2 stone giants (Vaults:5)
  An ettin (Vaults:5)
  A yaktaur captain (Vaults:5)
  A vault guard (D:13)
  3 deep trolls
  A human (D:13)
  2 demonic plants (D:4)
  25 fungi
  40 plants
  8 withered plants
96 creatures vanquished.

Grand Total: 1416 creatures vanquished

Notes
Turn   | Place    | Note
-------+----------+-------------------------------------------
     0 | D:1      | Pimp the Merfolk Gladiator began the quest for the Orb.
     0 | D:1      | Reached XP level 1. HP: 16/16 MP: 1/1
   168 | D:1      | Found Fitz's Book Shoppe.
   223 | D:1      | Reached XP level 2. HP: 23/23 MP: 2/2
   431 | D:1      | Found a faded altar of an unknown god.
   448 | D:1      | Reached XP level 3. HP: 26/28 MP: 3/3
  1152 | D:2      | Identified the +2 dagger of Fragile Peace {drain, rN+++
                  | Str+3 Int-3 Dex-3}
  1618 | D:2      | Reached XP level 4. HP: 34/34 MP: 4/4
  1940 | D:3      | Found Irhayteu's Jewellery Boutique.
  1962 | D:3      | Identified 3 scrolls of acquirement
  1962 | D:3      | Acquired a manual of Ice Magic
  1985 | D:3      | Acquired 560 gold pieces
  1987 | D:3      | Acquired the +13 scythe of Curses {drain, curses, Drain}
  1987 | D:3      | Found the +13 scythe of Curses {drain, curses, Drain}
  1992 | D:3      | Bought the ring of the Mage {Wiz Archmagi} for 561 gold
                  | pieces
  1992 | D:3      | Found the ring of the Mage {Wiz Archmagi}
  2114 | D:3      | Reached skill level 5 in Dodging
  2114 | D:3      | Reached skill level 1 in Ice Magic
  2115 | D:3      | Reached XP level 5. HP: 37/41 MP: 5/5
  2365 | D:4      | Noticed a black bear
  2373 | D:4      | Killed a black bear
  2374 | D:4      | Reached skill level 5 in Polearms
  2374 | D:4      | Reached skill level 1 in Spellcasting
  2374 | D:4      | Reached XP level 6. HP: 46/47 MP: 5/7
  2822 | D:4      | Reached skill level 1 in Armour
  2822 | D:4      | Reached XP level 7. HP: 49/53 MP: 9/9
  2906 | D:4      | Found an ancient bone altar of Kikubaaqudgha.
  3054 | D:4      | Learned a level 4 spell: Olgreb's Toxic Radiance
  3057 | D:4      | Learned a level 2 spell: Poisonous Vapours
  3239 | D:4      | Found a stormy altar of Qazlal.
  3552 | D:5      | Entered Level 5 of the Dungeon
  3610 | D:5      | Reached skill level 1 in Poison Magic
  3704 | D:5      | Found a shimmering blue altar of Sif Muna.
  3718 | D:5      | Noticed Blork the orc
  3725 | D:5      | Killed Blork the orc
  3726 | D:5      | Reached skill level 5 in Ice Magic
  3726 | D:5      | Reached XP level 8. HP: 49/60 MP: 11/11
  3869 | D:5      | Noticed Pikel
  3883 | D:5      | Killed Pikel
  4214 | D:5      | Noticed a two-headed ogre
  4223 | D:5      | Killed a two-headed ogre
  4224 | D:5      | Reached skill level 5 in Fighting
  4224 | D:5      | Reached XP level 9. HP: 68/68 MP: 13/13
  4906 | D:6      | Found Meitoup's Antique Weapon Emporium.
  4992 | D:6      | Learned a level 3 spell: Ignite Poison
  4996 | D:6      | Learned a level 3 spell: Mephitic Cloud
  5433 | D:6      | Found a shadowy altar of Dithmenos.
  5578 | D:6      | Found a staircase to the Ecumenical Temple.
  5588 | Temple   | Entered the Ecumenical Temple
  5780 | D:6      | Reached skill level 5 in Throwing
  5780 | D:6      | Reached skill level 1 in Transmutations
  6116 | D:7      | Found Gecwes's General Store.
  6134 | D:7      | Noticed a hornet
  6141 | D:7      | Killed a hornet
  6249 | D:7      | Reached XP level 10. HP: 75/75 MP: 15/15
  6424 | D:7      | Found a runed translucent door.
  6425 | D:7      | Noticed Crazy Yiuf
  6431 | D:7      | Killed Crazy Yiuf
  6595 | D:7      | Noticed Menkaure
  6598 | D:7      | Found a bloodstained altar of Trog.
  6600 | D:7      | Killed Menkaure
  6655 | D:7      | Found a hide-covered altar of Uskayaw.
  6943 | D:8      | Noticed Gastronok
  6951 | D:8      | Killed Gastronok
  6952 | D:8      | Reached skill level 10 in Polearms
  6968 | D:8      | Identified the +3 chain mail "Lowkyit" {rElec rN+++ Int-2}
  7796 | D:9      | Found an opulent altar of Gozag.
  7800 | D:9      | Found Gozag's Platinum Reserve.
  7804 | D:9      | Became a worshipper of Gozag Ym Sagoz the Greedy
  7988 | D:9      | Found a hazy altar of Hepliaklqana.
  8111 | D:9      | Found a burning altar of Makhleb.
  8184 | D:9      | Found a staircase to the Orcish Mines.
  8578 | D:10     | Entered Level 10 of the Dungeon
  8587 | D:10     | Found an iron altar of Okawaru.
  8596 | D:10     | Reached XP level 11. HP: 50/82 MP: 17/17
  8805 | D:10     | Found a staircase to the Lair.
  8849 | D:10     | Found a runed translucent door.
  8854 | D:10     | Noticed a flayed ghost
  8858 | D:10     | Found a hide-covered altar of Uskayaw.
  8879 | D:10     | Found a basalt altar of Yredelemnul.
  8901 | D:10     | Reached skill level 5 in Poison Magic
  9072 | D:10     | Found a hide-covered altar of Uskayaw.
  9191 | D:10     | Found a snail-covered altar of Cheibriados.
  9227 | D:10     | Found an opulent altar of Gozag.
  9240 | D:10     | Found a sacrificial altar of Ru.
  9324 | Lair:1   | Entered Level 1 of the Lair of Beasts
  9361 | Lair:1   | Identified the +4 morningstar of Faoxtyus {freeze, rCorr}
  9534 | Lair:1   | Found a gate leading to a gauntlet.
  9599 | Gauntlet | Entered a Gauntlet
  9599 | Gauntlet | Noticed a worldbinder
  9599 | Gauntlet | Found a transporter.
  9599 | Gauntlet | Found a transporter.
  9599 | Gauntlet | Found a transporter.
  9600 | Gauntlet | Found a transporter.
  9603 | Gauntlet | Found a transporter.
  9603 | Gauntlet | Found a transporter.
  9621 | Gauntlet | Noticed a moth of wrath
  9623 | Gauntlet | Found a transporter.
  9625 | Gauntlet | Found a transporter.
  9630 | Gauntlet | Noticed a fire crab
  9632 | Gauntlet | Noticed a death drake
  9637 | Gauntlet | Found a transporter.
  9637 | Gauntlet | Found a transporter.
  9637 | Gauntlet | Noticed an orange crystal statue
  9648 | Gauntlet | Found a transporter.
  9668 | Gauntlet | Found a transporter.
  9803 | Lair:1   | Reached skill level 5 in Spellcasting
 10064 | Lair:1   | Reached skill level 5 in Transmutations
 10801 | Lair:2   | Found a staircase to the Swamp.
 10820 | Lair:2   | Noticed an oklob plant
 11366 | Lair:2   | Reached XP level 12. HP: 41/91 MP: 20/20
 11568 | Lair:2   | Found a hole to the Spider Nest.
 12371 | Lair:3   | Acquired +0 acid dragon scales
 12402 | Lair:3   | Reached skill level 10 in Ice Magic
 12563 | Lair:3   | Noticed a four-headed hydra
 12639 | Orc:1    | Entered Level 1 of the Orcish Mines
 12653 | Orc:1    | Paralysed by an orc sorcerer for 4 turns
 12722 | Orc:1    | Found Xuyxol's Antique Armour Shoppe.
 12737 | Orc:1    | Bought the +2 pair of slick slippers {slick, slippery,
                  | EV+5} for 892 gold pieces
 12737 | Orc:1    | Found the +2 pair of slick slippers {slick, slippery, EV+5}
 12902 | Orc:1    | Acquired 718 gold pieces
 12943 | Orc:1    | Found a bloodstained altar of Trog.
 13175 | Orc:2    | Entered Level 2 of the Orcish Mines
 13386 | Orc:2    | Found Fovvurex's Assorted Antiques.
 13386 | Orc:2    | Noticed an ogre mage
 13386 | Orc:2    | Noticed a two-headed ogre
 13387 | Orc:2    | Noticed a two-headed ogre
 13409 | Orc:2    | Killed a two-headed ogre
 13546 | Orc:2    | Noticed a two-headed ogre
 13559 | Orc:2    | Killed a two-headed ogre
 13572 | Orc:2    | Reached skill level 10 in Dodging
 13626 | Orc:2    | Noticed a two-headed ogre
 13630 | Orc:2    | Killed a two-headed ogre
 13638 | Orc:2    | Found Idaischi's Magic Scroll Boutique.
 13715 | Orc:2    | Noticed a two-headed ogre
 13723 | Orc:2    | Reached skill level 5 in Armour
 13725 | Orc:2    | Killed a two-headed ogre
 13726 | Orc:2    | Reached XP level 13. HP: 100/100 MP: 12/22
 13891 | Orc:2    | Found Hamal's Weapon Emporium.
 13963 | Orc:2    | Found Qegoex's Jewellery Shoppe.
 13977 | Orc:2    | Bought a scroll of identify for 22 gold pieces
 13977 | Orc:2    | Bought a scroll of identify for 22 gold pieces
 14107 | Orc:2    | Found a staircase to the Elven Halls.
 14878 | D:1      | Bought a book of Frost for 260 gold pieces
 14885 | D:1      | Learned a level 3 spell: Frozen Ramparts
 15613 | Lair:4   | Reached skill level 1 in Conjurations
 15905 | Lair:4   | Found a runed translucent gate.
 15905 | Lair:4   | Found a runed translucent gate.
 15909 | Lair:4   | Found a runed translucent gate.
 15909 | Lair:4   | Noticed Pimp's ghost (journeyman GrFi)
 16061 | Orc:1    | Bought a runed glaive for 418 gold pieces
 16505 | D:11     | Found a portal to a secret trove of treasure.
 16916 | D:11     | Identified the +6 war axe of Tounad {drain, rC+ rN+}
 17276 | D:12     | You fall into a shaft and drop 2 floors!
 17300 | D:13     | Killed a vault guard
 17318 | D:12     | Reached skill level 10 in Fighting
 17571 | D:12     | Reached XP level 14. HP: 107/110 MP: 24/24
 18142 | D:13     | Found a sparkling altar of Nemelex Xobeh.
 18681 | Orc:2    | Bought the +7 great mace "Undeadhunter" {deathbane, rN+}
                  | for 843 gold pieces
 18681 | Orc:2    | Found the +7 great mace "Undeadhunter" {deathbane, rN+}
 20130 | Lair:4   | Killed Pimp's ghost
 20581 | Lair:5   | Entered Level 5 of the Lair of Beasts
 20632 | Lair:5   | Found a staircase to the Slime Pits.
 20665 | Lair:5   | Reached skill level 1 in Maces & Flails
 20792 | Lair:5   | Gained mutation: You expend magic power (3 MP) to
                  | strengthen your wands. [potion of mutation]
 20792 | Lair:5   | Gained mutation: You have a pair of small horns on your
                  | head. [potion of mutation]
 20792 | Lair:5   | Gained mutation: You are strong-willed. (Will+) [potion of
                  | mutation]
 21771 | Lair:5   | Identified the +4 steam dragon scales of a ziggurat {rN+}
 22127 | Lair:5   | Found a corrupted altar of Lugonu.
 22127 | Lair:5   | Found a one-way gate to the infinite horrors of the Abyss.
 22505 | Lair:5   | Reached XP level 15. HP: 59/117 MP: 26/26
 22797 | Swamp:1  | Entered Level 1 of the Swamp
 23697 | D:13     | Found a gate to the Vaults.
 24033 | D:14     | Reached skill level 5 in Conjurations
 24468 | D:14     | Noticed Lodul
 24475 | D:14     | Killed Lodul
 25684 | D:15     | Entered Level 15 of the Dungeon
 25774 | D:15     | Reached skill level 10 in Transmutations
 26553 | Elf:1    | Entered Level 1 of the Elven Halls
 27000 | Orc:2    | Bought the ring of Cuan {rF+ EV+5 Stlth+} for 633 gold
                  | pieces
 27000 | Orc:2    | Bought the amulet "Pouneig" {Will+ Regen+ Int+4 Dex+4} for
                  | 712 gold pieces
 27047 | Elf:1    | Paralysed by an air elemental for 1 turns
 27293 | Elf:1    | Noticed Azrael
 27416 | Elf:1    | Killed Azrael
 27417 | Elf:1    | Reached XP level 16. HP: 125/125 MP: 28/28
 27791 | Elf:1    | Paralysed by an air elemental for 1 turns
 27829 | Elf:1    | Found Feis Fin's Book Boutique.
 27829 | Elf:1    | Found Ibooty's Jewellery Emporium.
 27830 | Elf:1    | Found Totaivott's Jewellery Emporium.
 27838 | Elf:1    | Bought the amulet "Cofahuon" {Reflect +Blink Str+5 Dex-2
                  | SH+5} for 704 gold pieces
 27850 | Elf:1    | Bought a book of Ice for 460 gold pieces
 27866 | Elf:1    | Paralysed by an air elemental for 1 turns
 27873 | Elf:1    | Paralysed by an air elemental for 1 turns
 29442 | Elf:1    | Found Antya's Assorted Antiques.
 29458 | Elf:1    | Bought a potion of heal wounds for 180 gold pieces
 29872 | Elf:2    | Found Rimadgh's Distillery.
 29985 | Elf:2    | Bought a potion of heal wounds for 55 gold pieces
 29985 | Elf:2    | Bought a potion of heal wounds for 55 gold pieces
 29985 | Elf:2    | Bought 2 potions of berserk rage for 110 gold pieces
 29985 | Elf:2    | Bought a potion of heal wounds for 55 gold pieces
 30852 | Elf:2    | Found a runed translucent gate.
 30852 | Elf:2    | Found a runed translucent gate.
 30853 | Elf:2    | Found a runed translucent gate.
 31632 | Elf:2    | Reached skill level 15 in Polearms
 31928 | Elf:2    | Learned a level 1 spell: Magic Dart
 32048 | Elf:2    | Learned a level 5 spell: Freezing Cloud
 32794 | Elf:2    | Reached skill level 10 in Poison Magic
 32931 | Elf:2    | Noticed a deep elf blademaster
 32940 | Elf:2    | Killed a deep elf blademaster
 32941 | Elf:2    | Reached XP level 17. HP: 92/133 MP: 9/29
 33117 | Elf:2    | Reached skill level 10 in Throwing
 33562 | Elf:3    | Entered Level 3 of the Elven Halls
 33595 | Elf:3    | Found a flickering gateway to a bazaar.
 33604 | Bazaar   | Entered a bazaar
 33604 | Bazaar   | Found Raupis's Book Boutique.
 33604 | Bazaar   | Found Itinair's Jewellery Emporium.
 33686 | Bazaar   | Found Joapnas's Assorted Antiques.
 33695 | Bazaar   | Bought a fizzy silvery potion for 16 gold pieces
 33695 | Bazaar   | Bought a potion of curing for 54 gold pieces
 33695 | Bazaar   | Bought an ancient lapis lazuli ring for 90 gold pieces
 33695 | Bazaar   | Identified the ring of Zucs {rN+ AC+4 Str-5 Int+4 Dex+3}
                  | (You bought it in a shop in a bazaar)
 33710 | Bazaar   | Found Moginer's Assorted Antiques.
 33714 | Bazaar   | Found Myot's Antique Weapon Shop.
 33726 | Bazaar   | Bought a transparent spear for 192 gold pieces
 33726 | Bazaar   | Identified the +11 spear "Siwokh" {vamp, rPois Str-4 Int+3
                  | SInv} (You bought it in a shop in a bazaar)
 33930 | Elf:3    | Noticed Donald
 33941 | Elf:3    | Killed Donald
 34123 | Elf:3    | Noticed Louise
 34187 | Elf:3    | Killed Louise
 34366 | Elf:3    | Noticed Roxanne
 34986 | Elf:3    | Identified the +1 flail "Tist" {heavy, rElec rF+}
 35426 | Elf:3    | Identified the +2 scale mail "Keha" {rN+ Str-5 Int+2}
 35426 | Elf:3    | Noticed a deep elf master archer
 35427 | Elf:3    | Noticed a deep elf master archer
 35440 | Elf:3    | Killed a deep elf master archer
 35447 | Elf:3    | Killed a deep elf master archer
 35589 | Elf:3    | Identified the staff of air "Houvanah" {rElec Str+3}
 35591 | Elf:3    | Noticed a deep elf master archer
 35596 | Elf:3    | Killed a deep elf master archer
 35854 | Elf:3    | Noticed a Brimstone Fiend
 36140 | Elf:3    | Identified the +0 scale mail "Vyliestro" {rF+ rCorr Dex+8
                  | Slay-5}
 36140 | Elf:3    | Noticed a deep elf blademaster
 36148 | Elf:3    | Killed a deep elf blademaster
 36190 | Elf:3    | Noticed a deep elf master archer
 36201 | Elf:3    | Killed a deep elf master archer
 36202 | Elf:3    | Reached skill level 5 in Maces & Flails
 36365 | Elf:3    | Reached XP level 18. HP: 141/141 MP: 17/31
 36460 | Elf:3    | Identified the staff of fire "Favvy" {rF+ rCorr}
 36489 | Elf:3    | Got the Treatise on the Snake and Cryomancy
 36500 | Elf:3    | Learned a level 6 spell: Eringya's Noxious Bog
 36500 | Elf:3    | Identified the staff of death "Lokhooge" {rN+ Str+2}
 36516 | Elf:3    | Got the Codex of Adjuration and Blasting
 36523 | Elf:3    | Got the Elucidation of Grey Frost
 37070 | Spider:1 | Entered Level 1 of the Spider Nest
 37243 | Spider:1 | Upgraded the game from 0.30-a0-918-g0ff054e9dc to
                  | 0.30-a0-920-g7493c07aab
 38278 | Spider:2 | Reached skill level 15 in Ice Magic
 40937 | Spider:4 | Entered Level 4 of the Spider Nest
 41814 | Spider:4 | Reached XP level 19. HP: 125/149 MP: 8/32
 42843 | Spider:4 | Got a gossamer rune of Zot
 42866 | Spider:4 | Reached skill level 10 in Spellcasting
 43899 | Lair:3   | Reached skill level 1 in Shields
 44360 | D:15     | Identified the +1 robe of the Game of Kings {Int+4}
 44617 | D:15     | Found a staircase to the Depths.
 44841 | Depths:1 | Entered Level 1 of the Depths
 44841 | Depths:1 | Found a gateway to Hell.
 44845 | Depths:1 | Paralysed by a floating eye for 3 turns
 45096 | D:15     | Found a glowing silver altar of Zin.
 45096 | D:15     | Found a white marble altar of Elyvilon.
 45105 | D:15     | Reached skill level 5 in Shields
 45118 | D:15     | Found a glowing golden altar of the Shining One.
 47442 | Depths:1 | Found a one-way gateway to a ziggurat.
 47471 | Depths:1 | Noticed Sojobo
 47518 | Depths:1 | Paralysed by an air elemental for 1 turns
 47524 | Depths:1 | HP: 2/149 [Sojobo/the air (28)]
 47528 | Depths:1 | Paralysed by an air elemental for 1 turns
 47531 | Depths:1 | Paralysed by an air elemental for 1 turns
 47550 | Depths:1 | Paralysed by an air elemental for 1 turns
 47551 | Depths:1 | Killed Sojobo
 48021 | Depths:1 | Found Jegaostu's Book Shoppe.
 48193 | Depths:1 | Found an iron altar of Okawaru.
 48581 | Vaults:1 | Entered Level 1 of the Vaults
 48885 | Vaults:1 | Found Faureax's Antique Armour Shop.
 48895 | Vaults:1 | Bought a crude scale mail for 324 gold pieces
 48895 | Vaults:1 | Identified the +8 scale mail of Jaoquep {Int+5 Dex-3
                  | Slay+5} (You bought it in a shop on level 1 of the Vaults)
 48986 | Vaults:1 | Reached skill level 15 in Dodging
 49506 | Vaults:1 | Reached XP level 20. HP: 156/156 MP: 17/34
 51516 | Vaults:2 | Found Sello's Antique Armour Shoppe.
 51723 | Vaults:2 | Reached skill level 10 in Conjurations
 52867 | Vaults:2 | Noticed Jory
 54664 | Vaults:2 | Killed Jory
 55532 | Vaults:3 | Reached XP level 21. HP: 166/166 MP: 33/37
 56130 | Vaults:3 | Reached skill level 15 in Fighting
 57051 | Vaults:3 | Found a staircase to the Crypt.
 57497 | Vaults:2 | Learned a level 2 spell: Wereblood
 57501 | Vaults:2 | Learned a level 3 spell: Ozocubu's Armour
 57509 | Vaults:2 | Learned a level 7 spell: Ozocubu's Refrigeration
 58797 | Vaults:4 | Found Nediant's Magic Scroll Boutique.
 58805 | Vaults:4 | Bought a scroll of teleportation for 51 gold pieces
 58805 | Vaults:4 | Bought a scroll of teleportation for 51 gold pieces
 59355 | Vaults:4 | Reached skill level 15 in Spellcasting
 59741 | Vaults:4 | Reached XP level 22. HP: 178/178 MP: 28/41
 59954 | Vaults:4 | Noticed Mennas
 60329 | Vaults:5 | Entered Level 5 of the Vaults
 60369 | Vaults:5 | Noticed a golden dragon
 60373 | Vaults:5 | Killed a golden dragon
 60437 | Vaults:5 | Noticed a dread lich
 60572 | Vaults:5 | Paralysed by a dread lich for 5 turns
 60586 | Vaults:5 | Killed from afar by a titan

Illustrated notes

Levels and vault maps discovered:
D:1:      elethiomel_arrival_maze, layout_loops_ring, serial_shops,
          nicolae_lakefront_shop, hellmonk_ecumenical_altar_arch_garden,
          nicolae_concentric_dashed_squares_mild
D:2:      layout_basic
D:3:      layout_basic, serial_shops, nicolae_shop_stone
D:4:      minmay_chambers_of_threes, layout_loops_corners,
          mainiacjoe_overflow_surrounded_room, kiku_gazebo_garden_becter,
          serial_demonic, serial_demonic_c, serial_demonic_b, serial_demonic_e,
          serial_demonic_e, kennysheep_nondescript
D:5:      kennysheep_big_flooded_room, layout_gridville, lemuel_tele_altar,
          uniq_pikel, uniq_blork_the_orc
D:6:      layout_cave_pods, mainiacjoe_overflow_tiny_flanked,
          minmay_temple_entry_proselytizer, serial_shops, nicolae_stop_n_shop_2,
          nrook_mini_vaults
D:7:      layout_loops_ring, chequers_temple_overflow_statue_of_worship,
          serial_shops, nicolae_square_shop, uniq_menkaure,
          uniq_crazy_yiuf_cottage
D:8:      layout_basic, uniq_gastronok
D:9:      layout_basic, lightli_temple_of_fire, kennysheep_mini_moat,
          nicolae_gozag_zags_fifth_avenue, serial_aquarium,
          aquarium_bridge_square [aquarium_subvault_bridge,
          aquarium_subvault_bridge, aquarium_subvault_window,
          aquarium_subvault_balcony], aquarium_bridge_square
          [aquarium_subvault_wall, aquarium_subvault_balcony,
          aquarium_subvault_bridge, aquarium_subvault_bridge],
          aquarium_window_corridor_3, aquarium_window_2, aquarium_window_1,
          aquarium_window_fake, aquarium_view_2d, aquarium_pool_2
D:10:     due_megacathedral, layout_cross, old_standard_altar
D:11:     layout_layer_cave, nicolae_trove_entry_free_sample
D:12:     layout_loops_ring
D:13:     layout_loops_cross, ximxim_vaults_locker_room,
          nemelex_lonely_heart_becter
D:14:     layout_roguey [special_room_mythical_zoo], serial_corexii_hall,
          chequers_hall_statues_corner_a, chequers_hall_statues_corner_a,
          corexii_hall_statues_x, chequers_hall_statues_corner_a,
          corexii_hall_statues_u, corexii_hall_statues_s, uniq_lodul
D:15:     gammafunk_depths_entry_grave, layout_loops_ring, good_gods_temple_1
Temple:   minmay_temple_bridge_abc
Lair:1:   layout_long_grid, gauntlet_entry_generic, beast_lair_carwin_6,
          infiniplex_staircase_pool, serial_bayou_shore_a
Lair:2:   layout_layer_cave, swamp_mist_pool, spider_nest_entry_web_field,
          serial_bayou_shore_b, lemuel_fruit_fields
Lair:3:   layout_loops_ring
Lair:4:   layout_cave_pods, gammafunk_ghost_hydra_chop, minivault_27
Lair:5:   hellmonk_lair_end_abyssal_woods, layout_misc_corridors,
          nicolae_slime_entry_field_trip, st_stairs_10
Swamp:1:  layout_basic_swamp, evilmike_swamp_ruin_house_6,
          infiniplex_staircase_pool_2
Spider:1: layout_cave_pods
Spider:2: layout_spider_delve
Spider:3: layout_spider_delve
Spider:4: hellmonk_spider_rune_bug_friends, hangedman_stitches_earthworm
Orc:1:    layout_caves, serial_shops, shop, basic_altar
Orc:2:    st_orc_open, layout_diamond_mine
Elf:1:    minmay_elf_arrival_circle, layout_loops_corners, serial_shops,
          nicolae_shop_waterfront, evilmike_minifort, grunt_ministairs_6,
          minmay_shop_grove, uniq_azrael
Elf:2:    nicolae_elf_blades_splatter_lattice [nicolae_blade_entry_antechamber],
          layout_loops_corners, serial_shops, nicolae_stop_n_shop_1
Elf:3:    minmay_elf_hall_quartered_circle, layout_geoelf_diagonals,
          serial_shops, bzr_firewalk, uniq_roxanne, uniq_donald, uniq_louise
Vaults:1: vaults_dpeg_doors, v_misc_15, hangedman_vaults_slither,
          nicolae_vaults_little_ls, v_misc_11, vaults_room_hallway,
          nicolae_vaults_little_squares_2, nicolae_vaults_mini_display_case,
          hangedman_vaults_cutoff, layout_vaults_chaotic_city, serial_shops,
          nicolae_shop_overgrown_old_shop
Vaults:2: ontoclasm_vaults_spin, nicolae_vaults_branching_niches,
          vaults_room_octagon, ontoclasm_vaults_fault, v_misc_11,
          nicolae_vaults_little_squares_4, v_misc_29, layout_vaults_omnigrid,
          serial_shops, shop_fountains, uniq_jory
Vaults:3: vaults_dpeg_emergency_exit, minmay_crypt_entry_simple_sparse,
          nicolae_vaults_arrows, hangedman_vaults_stream,
          grunt_vaults_hallway_short, grunt_vaults_twisty,
          vaults_standard_mumra_x, v_misc_27, dpeg_vaults_monster_row,
          special_room_vaults [special_room_orc], v_misc_16,
          nicolae_vaults_ring_of_whatevers, layout_vaults_omnibox
Vaults:4: nicolae_vaults_circle_grid_a, nicolae_vaults_little_squares_3,
          nicolae_vaults_display_case, ontoclasm_vaults_shuriken,
          nicolae_vaults_little_squares_6, ontoclasm_vaults_pinch,
          nicolae_vaults_ring_of_whatevers, hangedman_vaults_unwind,
          hangedman_vaults_corner, nicolae_vaults_border_crossing, v_pattern_5,
          hangedman_vaults_cutoff, dpeg_vaults_monster_box,
          layout_vaults_maze_snakey, serial_shops,
          nicolae_shop_advertising_works [nicolae_subvault_shop_adworks],
          uniq_mennas
Vaults:5: serial_shops
Depths:1: layout_gridlike, enter_ziggurat_f, hell_entry, serial_shops,
          nicolae_lakefront_shop, roderic_lattice_a,
          chequers_serial_rivers_micro_a, st_stairs_12,
          okawaru_ov_weapons_minmay, uniq_sojobo
Depths:2: regret_index_qazlal_generations, layout_basic,
          marbit_kobold_abyss_entry, rand_demon_pan_entry_9,
          grunt_hell_entry_dis_mu, infiniplex_staircase_river

Skill      XL: |  1  2  3  4  5  6  7  8  9 10 11 12 13 14 15 16 17 18 19 20 21 22 |
---------------+-------------------------------------------------------------------+-----
Fighting       | 3 4 5 6 7 8 10 11 12 13 14 16 | 16.7
Dodging        | 5 7 8 9 10 11 12 13 14 15 | 15.3
Ice Magic      | 1 2 4 5 6 7 8 9 11 12 13 14 15 16 | 16.7
Polearms       | 5 6 8 9 10 12 13 14 15 16 | 16.9
Throwing       | 3 4 5 6 7 8 9 10 | 10.5
Spellcasting   | 1 2 3 4 5 6 7 8 9 10 12 15 16 | 16.0
Armour         | 1 2 3 4 5 6 7 8 |  8.6
Poison Magic   | 1 3 4 5 6 7 8 9 10 11 | 11.5
Transmutations | 1 4 5 7 8 9 10 11 12 13 | 13.9
Conjurations   | 2 4 5 7 8 9 10 | 10.3
Maces & Flails | 2 3 4 5 |  5.0
Shields        | 8 |  8.8

Action                     |  1- 3 |  4- 6 |  7- 9 | 10-12 | 13-15 | 16-18 | 19-21 | 22-24 || total
---------------------------+-------+-------+-------+-------+-------+-------+-------+-------++-------
  Melee: Trident           |    91 |    15 |       |       |       |       |       |       ||   106
         Scythe            |       |    55 |   103 |   290 |   443 |   355 |    70 |       ||  1316
         Punch             |       |     1 |       |       |       |       |       |       ||     1
         Great mace        |       |       |       |       |    95 |       |    91 |       ||   186
         Headbutt          |       |       |       |       |    93 |   113 |   434 |    14 ||   654
         War axe           |       |       |       |       |    40 |    20 |   121 |       ||   181
         Glaive            |       |       |       |       |     5 |   168 |       |       ||   173
         Tailslap          |       |       |       |       |       |     2 |     1 |     1 ||     4
         Spear             |       |       |       |       |       |       |   928 |    71 ||   999
         Double sword      |       |       |       |       |       |       |    22 |       ||    22
  Throw: Throwing net      |       |       |       |     3 |       |       |       |       ||     3
         Javelin           |       |       |       |       |     1 |       |       |       ||     1
   Cast: Olgreb's Toxic Ra |       |       |       |    29 |   119 |   233 |   203 |     3 ||   587
         Ignite Poison     |       |       |       |    12 |    61 |   150 |   243 |    11 ||   477
         Poisonous Vapours |       |       |       |     1 |     2 |     9 |    73 |     8 ||    93
         Frozen Ramparts   |       |       |       |       |     9 |     7 |     3 |       ||    19
         Magic Dart        |       |       |       |       |       |     8 |       |       ||     8
         Freezing Cloud    |       |       |       |       |       |     1 |       |       ||     1
         Eringya's Noxious |       |       |       |       |       |     6 |     5 |     2 ||    13
         Mephitic Cloud    |       |       |       |       |       |       |     1 |       ||     1
         Ozocubu's Refrige |       |       |       |       |       |       |     1 |       ||     1
         Ozocubu's Armour  |       |       |       |       |       |       |       |     1 ||     1
 Invoke: Call Merchant     |       |       |       |       |     2 |       |       |       ||     2
         Bribe Branch      |       |       |       |       |       |       |       |     1 ||     1
Ability: Evoke Blink       |       |       |       |       |       |       |     1 |     1 ||     2
  Evoke: Wand              |       |       |       |     4 |    27 |     7 |     4 |       ||    42
    Use: Scroll            |     1 |    12 |     1 |    16 |    22 |    12 |    16 |     8 ||    88
         Potion            |       |     1 |     2 |     1 |    14 |    16 |    19 |     5 ||    58
   Stab: Sleeping          |     1 |       |       |     1 |     1 |    18 |    13 |       ||    34
         Invisible         |       |       |     2 |       |     2 |       |       |       ||     4
         Distracted        |       |       |       |     1 |     3 |     4 |     6 |     2 ||    16
         Confused          |       |       |       |       |       |       |     1 |       ||     1
 Armour: Leather armour    |    36 |       |       |       |       |       |       |       ||    36
         Chain mail        |    12 |    48 |    63 |       |       |       |       |       ||   123
         Scale mail        |       |       |     8 |    97 |       |       |       |       ||   105
         Acid dragon scale |       |       |       |    33 |   247 |   157 |   214 |    24 ||   675
  Dodge: Dodged            |    56 |    37 |    67 |   252 |   976 |   912 |   983 |    46 ||  3329
  Block: Other             |       |       |       |       |       |    32 |     9 |       ||    41
         Kite shield       |       |       |       |       |       |       |   641 |    48 ||   689
         Reflection        |       |       |       |       |       |       |    52 |     3 ||    55

Table legend: (Time is in decaauts)
 A = Elapsed time spent in this place.
 B = Non-inter-level travel time spent in this place.
 C = Inter-level travel time spent in this place.
 D = Time resting spent in this place.
 E = Time spent auto-exploring this place.
 F = Levels seen in this place.
 G = Mean time per level.
                   A        B        C        D        E       F      G
               +--------+--------+--------+--------+--------+-----+--------+
         Total |  60769 |  54045 |   6724 |  18586 |  20050 |  40 | 1519.2 |
       Dungeon |  17936 |  16175 |   1761 |   3747 |   8571 |  15 | 1195.7 |
        Temple |     67 |     54 |     13 |      0 |     13 |   1 |   67.0 |
          Lair |   8898 |   7950 |    948 |   2054 |   4068 |   5 | 1779.6 |
         Swamp |     64 |     62 |      2 |      8 |      0 |   1 |   64.0 |
   Spider Nest |   6563 |   6255 |    308 |   1954 |   2684 |   4 | 1640.8 |
  Orcish Mines |   3017 |   2446 |    571 |    726 |    985 |   2 | 1508.5 |
   Elven Halls |   9805 |   9311 |    494 |   4564 |   1596 |   3 | 3268.3 |
        Vaults |  11697 |   9348 |   2349 |   4695 |   1392 |   5 | 2339.4 |
        Depths |   2447 |   2173 |    274 |    771 |    740 |   2 | 1223.5 |
        Bazaar |    131 |    131 |      0 |     66 |      0 |   1 |  131.0 |
      Gauntlet |    138 |    138 |      0 |      0 |      0 |   1 |  138.0 |
               +--------+--------+--------+--------+--------+-----+--------+

Top non-repeatable levels by time:
Vaults:2: 3968 daAuts
   Elf:2: 3785 daAuts
Vaults:1: 3409 daAuts
   Elf:3: 3207 daAuts
   Elf:1: 2812 daAuts
Vaults:3: 2586 daAuts
Depths:1: 2425 daAuts
Spider:4: 2295 daAuts
    D:14: 2227 daAuts
  Lair:5: 2067 daAuts
    D:15: 2038 daAuts
  Lair:3: 1901 daAuts
   Orc:2: 1873 daAuts
  Lair:2: 1728 daAuts
Spider:3: 1694 daAuts
